[ PARTIDA AOE2 · #482111593 ]
UnrankedEspañoles vs Armenians
[ ANÁLISIS DE REPETICIÓN · EXTRAÍDO DE LA PARTIDA GRABADA ]
Feudal
12:53
Castillos
17:18
Imperial
31:43
| APM promedio | 22.3 |
| APM pico | 49 |
| eAPM promedio | 15.9 |
| Aldeanos / militares | 150 / 41 |
Foco
⚔️ 23.8% · 🌾 76.2%
Conquistador ×33 · Trade Cart ×5 · Bombard Cannon ×4 · Trebuchet (Packed) ×2 · Monk ×1 · Missionary ×1
Feudal
10:21
Castillos
16:36
Imperial
31:09
| APM promedio | 44.0 |
| APM pico | 92 |
| eAPM promedio | 29.3 |
| Aldeanos / militares | 208 / 139 |
Foco
⚔️ 25.9% · 🌾 74.1%
Spearman ×92 · Militia ×47
Feudal
10:06
Castillos
24:02
Imperial
36:18
| APM promedio | 64.8 |
| APM pico | 119 |
| eAPM promedio | 44.4 |
| Aldeanos / militares | 113 / 98 |
Foco
⚔️ 68.9% · 🌾 31.1%
Archer ×69 · Armored Elephant ×15 · Spearman ×5 · Skirmisher ×5 · Militia ×4
Feudal
11:23
Castillos
15:26
Imperial
35:17
| APM promedio | 33.0 |
| APM pico | 59 |
| eAPM promedio | 23.4 |
| Aldeanos / militares | 140 / 47 |
Foco
⚔️ 26.5% · 🌾 73.5%
Camel Archer ×22 · Mangonel ×13 · Monk ×9 · Scout Cavalry ×3
Feudal
11:30
Castillos
15:06
Imperial
28:47
| APM promedio | 38.0 |
| APM pico | 77 |
| eAPM promedio | 26.7 |
| Aldeanos / militares | 209 / 106 |
Foco
⚔️ 27.1% · 🌾 72.9%
Archer ×102 · Unknown (1942) ×24 · Monk ×2 · Mangonel ×2 · Unknown (1962) ×1
Feudal
11:24
Castillos
15:21
Imperial
34:28
| APM promedio | 57.5 |
| APM pico | 91 |
| eAPM promedio | 27.6 |
| Aldeanos / militares | 133 / 90 |
Foco
⚔️ 24.9% · 🌾 75.1%
Camel Scout ×43 · Battering Ram ×20 · Monk ×15 · Knight ×8 · Mangonel ×2 · Scorpion ×2
Feudal
11:05
Castillos
21:46
Imperial
—
| APM promedio | 44.4 |
| APM pico | 77 |
| eAPM promedio | 20.5 |
| Aldeanos / militares | 207 / 26 |
Foco
⚔️ 19.8% · 🌾 80.2%
Trade Cart ×28 · Knight ×17 · Archer ×5 · Scout Cavalry ×4
Feudal
10:31
Castillos
13:55
Imperial
29:43
| APM promedio | 47.7 |
| APM pico | 91 |
| eAPM promedio | 28.8 |
| Aldeanos / militares | 134 / 141 |
Foco
⚔️ 23.3% · 🌾 76.7%
Knight ×110 · Chu Ko Nu ×28 · Monk ×1 · Iron Pagoda ×1 · Trebuchet (Packed) ×1
Mapa de la partida
Recursos iniciales + cada clic de construcción. Líneas = muros · curvas = relieve. ◆ oro · ⬟ piedra · ● bayas · ✦ reliquia · ◌ hueco del cierre
Tu base· ✓ Cerrada en 17:18 · 44t muro · sin puerta
Base de Violet Ania· ✓ Cerrada en 16:36 · 19t muro · sin puerta
Base de Prince <3· ✓ Cerrada en 24:02 · 33t muro · sin puerta
Base de Immortal.S· ✓ Cerrada en 15:26 · 8t muro · 2 puerta(s)
Base de Harry· Abierta — el rival se encerró
Base de Black Bear· Abierta — el rival se encerró
Base de banana panin· ✓ Cerrada en 21:46 · 32t muro · 2 puerta(s)
Base de Vermilionz· ✓ Cerrada en 13:55 · 0t muro · sin puerta
Terreno inicial suavizado · ◌ = hueco del cierre detectado · pasá el cursor para detalles
Inputs por minuto
— Nici - - Violet Ania
Build order — Nici
Primeras 150 de 352 acciones detectadas
| 0:00 | Crear | Villager (Male) |
| 0:01 | Crear | Villager (Male) |
| 0:01 | Crear | Villager (Male) |
| 0:01 | Crear | Villager (Male) |
| 0:02 | Crear | Villager (Male) |
| 0:03 | Construir | House |
| 0:29 | Construir | House |
| 0:33 | Investigar | Loom |
| 0:34 | Crear | Villager (Male) |
| 0:36 | Crear | Villager (Male) |
| 1:13 | Construir | Palisade Wall |
| 1:46 | Crear | Villager (Male) |
| 1:46 | Crear | Villager (Male) |
| 2:23 | Construir | Palisade Wall |
| 2:23 | Construir | Palisade Wall |
| 2:38 | Crear | Villager (Male) |
| 2:39 | Crear | Villager (Male) |
| 2:58 | Crear | Villager (Male) |
| 2:58 | Crear | Villager (Male) |
| 3:30 | Crear | Villager (Male) |
| 3:30 | Crear | Villager (Male) |
| 3:45 | Construir | Lumber Camp |
| 3:47 | Crear | Villager (Male) |
| 4:30 | Crear | Villager (Male) |
| 5:09 | Construir | House |
| 5:18 | Crear | Villager (Male) |
| 5:18 | Crear | Villager (Male) |
| 5:35 | Crear | Villager (Male) |
| 5:36 | Crear | Villager (Male) |
| 5:36 | Crear | Villager (Male) |
| 6:19 | Construir | House |
| 6:20 | Construir | House |
| 6:21 | Crear | Villager (Male) |
| 6:43 | Crear | Villager (Male) |
| 6:56 | Construir | Palisade Wall |
| 6:59 | Crear | Villager (Male) |
| 7:15 | Crear | Villager (Male) |
| 7:37 | Construir | Mill |
| 7:39 | Crear | Villager (Male) |
| 8:00 | Construir | Palisade Wall |
| 8:16 | Crear | Villager (Male) |
| 8:52 | Construir | Mining Camp |
| 9:00 | Crear | Villager (Male) |
| 9:18 | Crear | Villager (Male) |
| 9:18 | Crear | Villager (Male) |
| 9:19 | Crear | Villager (Male) |
| 9:56 | Construir | Mining Camp |
| 10:07 | Investigar | Feudal Age |
| 10:22 | Construir | Outpost |
| 10:46 | Crear | Villager (Male) |
| 10:46 | Crear | Villager (Male) |
| 10:47 | Crear | Villager (Male) |
| 11:15 | Construir | House |
| 11:49 | Construir | Farm |
| 11:49 | Construir | Farm |
| 11:50 | Construir | Farm |
| 12:53 | Edad | Edad Feudal |
| 13:00 | Construir | Market |
| 13:21 | Construir | Farm |
| 13:42 | Crear | Villager (Male) |
| 14:01 | Construir | Blacksmith |
| 14:07 | Crear | Villager (Male) |
| 14:28 | Construir | Lumber Camp |
| 14:38 | Investigar | Castle Age |
| 14:40 | Construir | Farm |
| 14:54 | Construir | Stone Wall |
| 15:15 | Construir | House |
| 15:34 | Investigar | Horse Collar |
| 15:50 | Construir | Farm |
| 15:56 | Investigar | Double-Bit Axe |
| 16:17 | Construir | Farm |
| 16:18 | Construir | Farm |
| 16:24 | Crear | Villager (Male) |
| 16:34 | Crear | Villager (Male) |
| 17:16 | Crear | Villager (Male) |
| 17:18 | Edad | Edad de los Castillos |
| 17:29 | Investigar | Heavy Plow |
| 17:34 | Construir | Farm |
| 17:35 | Construir | Farm |
| 17:36 | Construir | Farm |
| 17:51 | Construir | Castle |
| 17:56 | Crear | Villager (Male) |
| 18:09 | Crear | Villager (Male) |
| 18:16 | Construir | Farm |
| 18:36 | Investigar | Fletching |
| 18:40 | Construir | Farm |
| 18:56 | Construir | Gate |
| 18:59 | Construir | Stone Wall |
| 19:01 | Crear | Villager (Male) |
| 19:03 | Construir | Farm |
| 19:19 | Crear | Villager (Male) |
| 19:27 | Crear | Conquistador |
| 19:30 | Construir | Farm |
| 19:53 | Crear | Villager (Male) |
| 20:01 | Construir | Monastery |
| 20:07 | Crear | Villager (Male) |
| 20:17 | Construir | Stone Wall |
| 20:28 | Construir | Town Center |
| 20:31 | Crear | Villager (Male) |
| 20:32 | Crear | Villager (Male) |
| 20:35 | Crear | Villager (Male) |
| 20:36 | Crear | Monk |
| 21:00 | Crear | Villager (Male) |
| 21:10 | Construir | Gate |
| 21:14 | Construir | Stone Wall |
| 21:17 | Construir | Stone Wall |
| 21:18 | Construir | Stone Wall |
| 21:18 | Construir | Stone Wall |
| 21:20 | Crear | Villager (Male) |
| 21:20 | Crear | Villager (Male) |
| 21:25 | Investigar | Bow Saw |
| 21:36 | Crear | Villager (Male) |
| 21:37 | Construir | Farm |
| 21:44 | Construir | Farm |
| 21:45 | Construir | Farm |
| 21:47 | Crear | Villager (Male) |
| 21:53 | Crear | Conquistador |
| 22:06 | Construir | Farm |
| 22:07 | Crear | Villager (Male) |
| 22:34 | Construir | Town Center |
| 22:39 | Crear | Villager (Male) |
| 22:42 | Construir | Farm |
| 22:43 | Crear | Villager (Male) |
| 22:43 | Crear | Villager (Male) |
| 22:49 | Crear | Villager (Male) |
| 22:49 | Crear | Villager (Male) |
| 22:56 | Construir | Stone Wall |
| 22:57 | Construir | Stone Wall |
| 22:57 | Construir | Stone Wall |
| 22:58 | Construir | Stone Wall |
| 23:00 | Crear | Villager (Male) |
| 23:11 | Crear | Villager (Male) |
| 23:12 | Crear | Villager (Male) |
| 23:18 | Construir | University |
| 23:20 | Crear | Villager (Male) |
| 23:39 | Crear | Villager (Male) |
| 23:56 | Crear | Villager (Male) |
| 24:06 | Construir | Farm |
| 24:15 | Construir | University |
| 24:37 | Crear | Villager (Male) |
| 24:37 | Crear | Villager (Male) |
| 24:37 | Crear | Villager (Male) |
| 24:59 | Construir | Siege Workshop |
| 25:02 | Construir | Mill |
| 25:03 | Crear | Villager (Male) |
| 25:03 | Crear | Villager (Male) |
| 25:09 | Crear | Villager (Male) |
| 25:23 | Construir | House |
| 25:28 | Construir | House |
| 25:32 | Construir | Farm |
Build order — Violet Ania
Primeras 150 de 542 acciones detectadas
| 0:01 | Crear | Villager (Male) |
| 0:01 | Crear | Villager (Male) |
| 0:03 | Construir | House |
| 0:04 | Construir | House |
| 0:05 | Crear | Villager (Male) |
| 0:05 | Crear | Villager (Male) |
| 0:49 | Investigar | Loom |
| 0:50 | Crear | Villager (Male) |
| 0:50 | Crear | Villager (Male) |
| 1:38 | Crear | Villager (Male) |
| 1:38 | Crear | Villager (Male) |
| 1:54 | Construir | Palisade Wall |
| 2:26 | Crear | Villager (Male) |
| 2:26 | Crear | Villager (Male) |
| 2:59 | Crear | Villager (Male) |
| 2:59 | Crear | Villager (Male) |
| 2:59 | Crear | Villager (Male) |
| 3:08 | Construir | Mule Cart |
| 3:15 | Crear | Villager (Male) |
| 3:15 | Crear | Villager (Male) |
| 3:52 | Construir | House |
| 3:53 | Construir | House |
| 3:58 | Crear | Villager (Male) |
| 3:58 | Crear | Villager (Male) |
| 3:58 | Crear | Villager (Male) |
| 4:16 | Crear | Villager (Male) |
| 4:16 | Crear | Villager (Male) |
| 4:48 | Crear | Villager (Male) |
| 4:48 | Crear | Villager (Male) |
| 4:49 | Crear | Villager (Male) |
| 4:58 | Crear | Villager (Male) |
| 4:59 | Crear | Villager (Male) |
| 5:27 | Crear | Villager (Male) |
| 5:27 | Crear | Villager (Male) |
| 5:40 | Crear | Villager (Male) |
| 5:40 | Crear | Villager (Male) |
| 6:07 | Construir | Mill |
| 6:36 | Crear | Villager (Male) |
| 6:36 | Crear | Villager (Male) |
| 6:36 | Crear | Villager (Male) |
| 7:05 | Crear | Villager (Male) |
| 7:05 | Crear | Villager (Male) |
| 7:59 | Construir | House |
| 8:11 | Investigar | Feudal Age |
| 8:25 | Construir | Mule Cart |
| 10:21 | Edad | Edad Feudal |
| 10:24 | Construir | Stone Wall |
| 10:26 | Investigar | Town Watch |
| 10:28 | Crear | Villager (Male) |
| 10:28 | Crear | Villager (Male) |
| 10:29 | Crear | Villager (Male) |
| 10:29 | Crear | Villager (Male) |
| 10:54 | Crear | Villager (Male) |
| 10:54 | Crear | Villager (Male) |
| 11:02 | Construir | House |
| 11:05 | Construir | House |
| 11:06 | Construir | House |
| 11:23 | Construir | Market |
| 11:49 | Construir | Outpost |
| 11:51 | Construir | Outpost |
| 11:56 | Crear | Villager (Male) |
| 11:56 | Crear | Villager (Male) |
| 12:37 | Construir | Blacksmith |
| 12:46 | Crear | Villager (Male) |
| 13:20 | Crear | Villager (Male) |
| 13:56 | Investigar | Castle Age |
| 15:33 | Crear | Villager (Male) |
| 15:33 | Crear | Villager (Male) |
| 16:36 | Edad | Edad de los Castillos |
| 16:48 | Construir | Town Center |
| 16:49 | Crear | Villager (Male) |
| 16:49 | Crear | Villager (Male) |
| 16:55 | Crear | Villager (Male) |
| 16:55 | Crear | Villager (Male) |
| 17:01 | Construir | Town Center |
| 17:02 | Crear | Villager (Male) |
| 17:02 | Crear | Villager (Male) |
| 17:19 | Construir | Farm |
| 17:19 | Construir | Farm |
| 17:19 | Construir | Farm |
| 17:19 | Construir | Farm |
| 17:23 | Investigar | Double-Bit Axe |
| 17:26 | Investigar | Horse Collar |
| 17:27 | Crear | Villager (Male) |
| 17:27 | Crear | Villager (Male) |
| 17:39 | Crear | Villager (Male) |
| 17:39 | Crear | Villager (Male) |
| 17:43 | Construir | House |
| 17:44 | Construir | House |
| 17:45 | Construir | House |
| 17:46 | Construir | House |
| 17:51 | Construir | House |
| 17:54 | Crear | Villager (Male) |
| 17:54 | Crear | Villager (Male) |
| 18:27 | Construir | Stone Wall |
| 18:28 | Crear | Villager (Male) |
| 18:28 | Crear | Villager (Male) |
| 18:39 | Construir | Farm |
| 18:40 | Construir | Farm |
| 19:02 | Construir | Stone Wall |
| 19:04 | Crear | Villager (Male) |
| 19:04 | Crear | Villager (Male) |
| 19:15 | Crear | Villager (Male) |
| 19:15 | Crear | Villager (Male) |
| 19:23 | Construir | Farm |
| 19:23 | Construir | Farm |
| 19:24 | Construir | Farm |
| 19:24 | Construir | Farm |
| 19:31 | Crear | Villager (Male) |
| 19:31 | Crear | Villager (Male) |
| 19:37 | Construir | House |
| 19:38 | Construir | House |
| 19:39 | Construir | House |
| 19:40 | Construir | House |
| 19:51 | Construir | Outpost |
| 19:56 | Crear | Villager (Male) |
| 19:56 | Crear | Villager (Male) |
| 20:05 | Crear | Villager (Male) |
| 20:05 | Crear | Villager (Male) |
| 20:08 | Construir | Farm |
| 20:08 | Construir | Farm |
| 20:09 | Construir | Farm |
| 20:09 | Construir | Farm |
| 20:09 | Construir | Farm |
| 20:20 | Crear | Villager (Male) |
| 20:21 | Crear | Villager (Male) |
| 20:24 | Construir | Farm |
| 20:24 | Construir | Farm |
| 20:24 | Construir | Farm |
| 20:25 | Construir | Farm |
| 20:35 | Crear | Villager (Male) |
| 20:35 | Crear | Villager (Male) |
| 20:46 | Construir | Farm |
| 20:46 | Construir | Farm |
| 20:46 | Construir | Farm |
| 20:46 | Construir | Farm |
| 20:58 | Crear | Villager (Male) |
| 20:58 | Crear | Villager (Male) |
| 20:58 | Crear | Villager (Male) |
| 20:59 | Crear | Villager (Male) |
| 20:59 | Crear | Villager (Male) |
| 20:59 | Crear | Villager (Male) |
| 20:59 | Crear | Villager (Male) |
| 21:10 | Construir | Farm |
| 21:11 | Construir | Farm |
| 21:11 | Construir | Farm |
| 21:11 | Construir | Farm |
| 21:14 | Crear | Villager (Male) |
| 21:14 | Crear | Villager (Male) |
| 21:33 | Construir | Farm |
Build order — Prince <3
Primeras 150 de 302 acciones detectadas
| 0:01 | Crear | Villager (Male) ×4 |
| 0:02 | Construir | House |
| 0:03 | Construir | House |
| 1:11 | Crear | Villager (Male) |
| 1:11 | Crear | Villager (Male) |
| 1:18 | Investigar | Loom |
| 1:19 | Crear | Villager (Male) |
| 1:57 | Construir | Palisade Wall |
| 2:27 | Crear | Villager (Male) |
| 2:27 | Crear | Villager (Male) |
| 2:29 | Crear | Villager (Male) |
| 2:34 | Construir | Lumber Camp |
| 2:50 | Crear | Villager (Male) |
| 2:57 | Construir | House |
| 3:47 | Crear | Villager (Male) |
| 4:04 | Crear | Villager (Male) |
| 4:04 | Crear | Villager (Male) |
| 4:18 | Crear | Villager (Male) |
| 4:18 | Crear | Villager (Male) |
| 5:11 | Crear | Villager (Male) |
| 5:11 | Crear | Villager (Male) |
| 5:12 | Crear | Villager (Male) |
| 5:21 | Construir | Palisade Wall |
| 5:26 | Construir | Palisade Wall |
| 5:38 | Construir | Palisade Wall |
| 5:45 | Construir | Palisade Wall |
| 5:48 | Construir | Palisade Wall |
| 5:52 | Construir | House |
| 5:55 | Construir | Palisade Wall |
| 5:56 | Construir | Palisade Wall |
| 5:58 | Crear | Villager (Male) |
| 5:59 | Crear | Villager (Male) |
| 5:59 | Crear | Villager (Male) |
| 6:10 | Crear | Villager (Male) |
| 6:45 | Construir | Barracks |
| 7:24 | Construir | Palisade Wall |
| 7:56 | Investigar | Feudal Age |
| 8:24 | Crear | Militia |
| 8:37 | Construir | Mining Camp |
| 8:58 | Construir | House |
| 9:02 | Construir | House |
| 9:08 | Crear | Militia |
| 9:08 | Crear | Militia |
| 9:22 | Crear | Militia |
| 9:33 | Crear | Villager (Male) |
| 9:33 | Crear | Villager (Male) |
| 10:06 | Edad | Edad Feudal |
| 10:18 | Investigar | Man-at-Arms (upgrade) |
| 10:27 | Construir | Watch Tower |
| 10:40 | Investigar | Arson |
| 10:42 | Crear | Villager (Male) |
| 10:46 | Construir | House |
| 10:47 | Construir | House |
| 11:12 | Crear | Villager (Male) |
| 11:22 | Construir | Mill |
| 11:46 | Crear | Villager (Male) |
| 11:47 | Crear | Villager (Male) |
| 12:17 | Construir | Archery Range |
| 12:33 | Crear | Villager (Male) |
| 12:34 | Crear | Villager (Male) |
| 13:01 | Crear | Skirmisher |
| 13:04 | Crear | Villager (Male) |
| 13:27 | Crear | Skirmisher |
| 13:46 | Construir | Farm |
| 13:46 | Construir | Farm |
| 13:46 | Construir | Farm |
| 13:46 | Construir | Farm |
| 13:47 | Construir | Farm |
| 13:58 | Crear | Villager (Male) |
| 14:00 | Crear | Skirmisher |
| 14:19 | Crear | Villager (Male) |
| 14:21 | Construir | Farm |
| 14:21 | Construir | Farm |
| 14:22 | Construir | Farm |
| 14:22 | Construir | Farm |
| 14:26 | Crear | Skirmisher |
| 14:35 | Crear | Archer |
| 14:35 | Crear | Archer |
| 14:45 | Construir | Stone Wall |
| 14:50 | Crear | Villager (Male) |
| 14:56 | Crear | Archer |
| 15:07 | Construir | Blacksmith |
| 15:39 | Crear | Archer |
| 15:39 | Crear | Archer |
| 15:40 | Crear | Archer |
| 15:41 | Crear | Villager (Male) |
| 15:41 | Crear | Villager (Male) |
| 15:42 | Construir | Farm |
| 15:42 | Construir | Farm |
| 15:43 | Construir | Farm |
| 15:47 | Crear | Villager (Male) |
| 15:53 | Construir | House |
| 16:00 | Crear | Spearman |
| 16:04 | Crear | Spearman |
| 16:05 | Crear | Villager (Male) |
| 16:07 | Construir | Farm |
| 16:07 | Construir | Farm |
| 16:21 | Construir | Stone Wall |
| 16:24 | Construir | House |
| 16:25 | Construir | House |
| 16:35 | Construir | Lumber Camp |
| 16:41 | Construir | Farm |
| 16:57 | Investigar | Fletching |
| 17:05 | Crear | Skirmisher |
| 17:17 | Construir | House |
| 17:17 | Construir | House |
| 17:32 | Crear | Archer |
| 17:32 | Crear | Archer |
| 17:48 | Crear | Villager (Male) |
| 17:50 | Construir | House |
| 17:51 | Construir | House |
| 17:52 | Crear | Villager (Male) |
| 17:52 | Crear | Villager (Male) |
| 17:56 | Construir | Farm |
| 17:56 | Construir | Farm |
| 17:57 | Construir | Farm |
| 17:57 | Construir | Farm |
| 18:14 | Investigar | Double-Bit Axe |
| 18:25 | Crear | Archer |
| 18:45 | Crear | Villager (Male) |
| 18:52 | Construir | Archery Range |
| 18:55 | Crear | Villager (Male) |
| 18:57 | Construir | Farm |
| 18:57 | Construir | Farm |
| 18:58 | Construir | Farm |
| 19:16 | Crear | Archer |
| 19:16 | Crear | Archer |
| 19:24 | Crear | Archer |
| 19:34 | Investigar | Padded Archer Armor |
| 19:46 | Crear | Archer |
| 19:47 | Crear | Archer |
| 20:12 | Crear | Villager (Male) |
| 20:13 | Crear | Villager (Male) |
| 20:15 | Construir | Market |
| 20:24 | Construir | House |
| 20:25 | Construir | House |
| 20:30 | Construir | Farm |
| 20:33 | Construir | Farm |
| 20:43 | Crear | Archer |
| 20:43 | Crear | Archer |
| 21:22 | Investigar | Castle Age |
| 21:24 | Crear | Archer |
| 21:26 | Crear | Archer |
| 21:28 | Construir | Archery Range |
| 21:50 | Investigar | Horse Collar |
| 22:13 | Crear | Archer |
| 22:13 | Crear | Archer |
| 22:21 | Construir | Mining Camp |
| 22:22 | Investigar | Gold Mining |
| 22:23 | Investigar | Gold Mining |
Build order — Immortal.S
Primeras 150 de 361 acciones detectadas
| 0:02 | Crear | Villager (Male) |
| 0:02 | Crear | Villager (Male) |
| 0:03 | Construir | House |
| 0:06 | Construir | House |
| 0:23 | Crear | Villager (Male) |
| 0:23 | Crear | Villager (Male) |
| 0:23 | Crear | Villager (Male) |
| 1:13 | Crear | Villager (Male) |
| 1:13 | Crear | Villager (Male) |
| 1:43 | Crear | Villager (Male) |
| 1:44 | Crear | Villager (Male) |
| 1:50 | Construir | Lumber Camp |
| 2:32 | Crear | Villager (Male) |
| 2:47 | Crear | Villager (Male) |
| 2:51 | Crear | Villager (Male) |
| 2:51 | Crear | Villager (Male) |
| 3:43 | Crear | Villager (Male) |
| 3:43 | Crear | Villager (Male) |
| 3:52 | Crear | Villager (Male) |
| 3:52 | Crear | Villager (Male) |
| 4:10 | Construir | House |
| 4:16 | Crear | Villager (Male) |
| 4:17 | Crear | Villager (Male) |
| 4:36 | Crear | Villager (Male) |
| 4:37 | Crear | Villager (Male) |
| 5:04 | Crear | Villager (Male) |
| 5:06 | Crear | Villager (Male) |
| 5:43 | Crear | Villager (Male) |
| 5:45 | Construir | House |
| 6:25 | Construir | House |
| 6:36 | Crear | Villager (Male) |
| 6:54 | Crear | Villager (Male) |
| 6:54 | Crear | Villager (Male) |
| 6:57 | Investigar | Loom |
| 7:13 | Construir | Mill |
| 7:16 | Crear | Villager (Male) |
| 7:16 | Crear | Villager (Male) |
| 8:09 | Crear | Villager (Male) |
| 8:10 | Crear | Villager (Male) |
| 9:06 | Construir | Mining Camp |
| 9:13 | Investigar | Feudal Age |
| 9:22 | Construir | Palisade Wall |
| 9:31 | Construir | Palisade Wall |
| 10:01 | Construir | House |
| 10:25 | Crear | Villager (Male) |
| 10:25 | Crear | Villager (Male) |
| 11:23 | Edad | Edad Feudal |
| 11:24 | Construir | Market |
| 11:28 | Construir | Blacksmith |
| 12:46 | Investigar | Castle Age |
| 13:22 | Construir | Gate |
| 13:27 | Construir | Gate |
| 13:52 | Investigar | Double-Bit Axe |
| 13:52 | Investigar | Double-Bit Axe |
| 13:53 | Investigar | Horse Collar |
| 13:53 | Investigar | Horse Collar |
| 15:04 | Crear | Villager (Male) |
| 15:26 | Edad | Edad de los Castillos |
| 15:27 | Construir | Town Center |
| 15:33 | Crear | Villager (Male) |
| 15:35 | Investigar | Bow Saw |
| 15:36 | Investigar | Heavy Plow |
| 15:36 | Investigar | Heavy Plow |
| 16:42 | Construir | Monastery |
| 16:45 | Crear | Villager (Male) |
| 16:56 | Construir | Farm |
| 16:56 | Construir | Farm |
| 16:56 | Construir | Farm |
| 16:56 | Construir | Farm |
| 16:57 | Construir | Farm |
| 17:09 | Construir | Palisade Wall |
| 17:18 | Crear | Monk |
| 17:27 | Construir | Palisade Gate |
| 17:31 | Construir | Palisade Gate |
| 17:37 | Construir | Palisade Gate |
| 17:37 | Crear | Monk |
| 17:50 | Construir | Palisade Wall |
| 17:52 | Construir | Palisade Wall |
| 18:06 | Crear | Villager (Male) |
| 18:06 | Crear | Villager (Male) |
| 18:09 | Construir | Palisade Gate |
| 18:14 | Construir | Palisade Gate |
| 18:29 | Crear | Villager (Male) |
| 18:29 | Crear | Villager (Male) |
| 18:33 | Construir | Farm |
| 18:33 | Construir | Farm |
| 18:34 | Construir | Farm |
| 18:34 | Construir | Farm |
| 18:34 | Construir | Farm |
| 18:50 | Construir | House |
| 18:54 | Crear | Monk |
| 19:20 | Crear | Monk |
| 19:26 | Crear | Villager (Male) |
| 19:26 | Crear | Villager (Male) |
| 19:26 | Crear | Villager (Male) |
| 19:26 | Crear | Villager (Male) |
| 19:29 | Construir | Siege Workshop |
| 19:51 | Crear | Villager (Male) |
| 19:51 | Crear | Villager (Male) |
| 19:52 | Crear | Villager (Male) |
| 20:05 | Crear | Mangonel |
| 20:34 | Crear | Mangonel |
| 20:35 | Crear | Mangonel |
| 20:38 | Crear | Monk |
| 21:11 | Crear | Villager (Male) |
| 21:12 | Crear | Villager (Male) |
| 21:12 | Crear | Villager (Male) |
| 21:27 | Construir | Palisade Gate |
| 21:32 | Crear | Monk |
| 22:12 | Crear | Villager (Male) |
| 22:13 | Crear | Villager (Male) |
| 22:13 | Crear | Villager (Male) |
| 22:13 | Crear | Villager (Male) |
| 22:15 | Construir | Farm |
| 22:15 | Construir | Farm |
| 22:16 | Construir | Farm |
| 22:16 | Construir | Farm |
| 22:16 | Construir | Farm |
| 22:17 | Construir | Farm |
| 22:17 | Construir | Farm |
| 23:22 | Crear | Villager (Male) |
| 23:22 | Crear | Villager (Male) |
| 23:22 | Crear | Villager (Male) |
| 23:22 | Crear | Villager (Male) |
| 23:35 | Crear | Monk |
| 23:38 | Construir | House |
| 23:38 | Construir | House |
| 23:39 | Construir | House |
| 23:39 | Construir | House |
| 23:39 | Construir | House |
| 23:55 | Crear | Mangonel |
| 24:01 | Investigar | Wheelbarrow |
| 24:45 | Crear | Monk |
| 24:46 | Crear | Villager (Male) |
| 24:47 | Crear | Villager (Male) |
| 24:47 | Crear | Villager (Male) |
| 24:54 | Construir | Town Center |
| 25:13 | Construir | House |
| 25:14 | Construir | House |
| 25:14 | Construir | House |
| 25:16 | Investigar | Stone Mining |
| 25:29 | Construir | Town Center |
| 25:37 | Crear | Villager (Male) |
| 25:38 | Crear | Villager (Male) |
| 25:44 | Construir | Lumber Camp |
| 25:46 | Construir | House |
| 26:24 | Crear | Villager (Male) |
| 26:25 | Crear | Villager (Male) |
| 26:25 | Crear | Villager (Male) |
| 26:37 | Crear | Monk |
Build order — Harry
Primeras 150 de 517 acciones detectadas
| 0:01 | Crear | Villager (Male) |
| 0:01 | Crear | Villager (Male) |
| 0:02 | Crear | Villager (Male) |
| 0:02 | Construir | House |
| 0:03 | Construir | House |
| 0:10 | Crear | Villager (Male) |
| 0:10 | Crear | Villager (Male) |
| 1:25 | Crear | Villager (Male) |
| 1:25 | Crear | Villager (Male) |
| 1:25 | Crear | Villager (Male) |
| 2:15 | Crear | Villager (Male) |
| 2:15 | Crear | Villager (Male) |
| 2:18 | Construir | Lumber Camp |
| 2:50 | Crear | Villager (Male) |
| 2:50 | Crear | Villager (Male) |
| 2:50 | Crear | Villager (Male) |
| 3:08 | Crear | Villager (Male) |
| 3:08 | Crear | Villager (Male) |
| 3:30 | Crear | Villager (Male) |
| 3:30 | Crear | Villager (Male) |
| 4:03 | Construir | House |
| 4:09 | Crear | Villager (Male) |
| 4:10 | Crear | Villager (Male) |
| 4:10 | Crear | Villager (Male) |
| 4:21 | Crear | Villager (Male) |
| 4:21 | Crear | Villager (Male) |
| 4:21 | Crear | Villager (Male) |
| 4:32 | Construir | Mill |
| 4:54 | Crear | Villager (Male) |
| 4:55 | Crear | Villager (Male) |
| 4:55 | Crear | Villager (Male) |
| 5:09 | Crear | Villager (Male) |
| 5:09 | Crear | Villager (Male) |
| 5:34 | Crear | Villager (Male) |
| 5:34 | Crear | Villager (Male) |
| 5:34 | Crear | Villager (Male) |
| 5:51 | Crear | Villager (Male) |
| 5:52 | Crear | Villager (Male) |
| 6:12 | Crear | Villager (Male) |
| 6:17 | Construir | House |
| 6:27 | Crear | Villager (Male) |
| 7:36 | Crear | Villager (Male) |
| 7:46 | Construir | Mining Camp |
| 7:47 | Crear | Villager (Male) |
| 8:33 | Crear | Villager (Male) |
| 8:43 | Investigar | Feudal Age |
| 8:48 | Construir | House |
| 9:45 | Crear | Villager (Male) |
| 9:45 | Crear | Villager (Male) |
| 11:30 | Edad | Edad Feudal |
| 11:33 | Construir | Market |
| 11:35 | Construir | Blacksmith |
| 11:40 | Investigar | Double-Bit Axe |
| 12:19 | Construir | Lumber Camp |
| 12:26 | Investigar | Castle Age |
| 12:29 | Investigar | Horse Collar |
| 12:37 | Construir | House |
| 12:45 | Construir | Farm |
| 12:49 | Construir | House |
| 13:07 | Construir | Farm |
| 13:26 | Crear | Villager (Male) |
| 13:26 | Crear | Villager (Male) |
| 13:34 | Construir | Farm |
| 13:35 | Construir | Farm |
| 13:41 | Construir | House |
| 13:53 | Construir | Farm |
| 15:06 | Edad | Edad de los Castillos |
| 15:11 | Construir | Town Center |
| 15:14 | Construir | Siege Workshop |
| 15:34 | Crear | Villager (Male) |
| 15:37 | Construir | Town Center |
| 15:41 | Crear | Villager (Male) |
| 15:42 | Crear | Villager (Male) |
| 16:04 | Construir | Monastery |
| 16:27 | Crear | Mangonel |
| 16:31 | Crear | Villager (Male) |
| 16:31 | Crear | Villager (Male) |
| 16:35 | Construir | Farm |
| 16:43 | Crear | Villager (Male) |
| 16:54 | Construir | House |
| 16:55 | Construir | House |
| 16:59 | Crear | Villager (Male) |
| 17:04 | Crear | Monk |
| 17:10 | Crear | Villager (Male) |
| 17:11 | Crear | Villager (Male) |
| 17:13 | Construir | Farm |
| 17:30 | Crear | Villager (Male) |
| 17:30 | Crear | Villager (Male) |
| 17:37 | Crear | Mangonel |
| 17:48 | Crear | Villager (Male) |
| 17:49 | Crear | Villager (Male) |
| 17:53 | Construir | Farm |
| 17:54 | Construir | Farm |
| 18:02 | Construir | House |
| 18:16 | Crear | Villager (Male) |
| 18:16 | Crear | Villager (Male) |
| 18:17 | Crear | Villager (Male) |
| 18:17 | Crear | Villager (Male) |
| 18:32 | Crear | Villager (Male) |
| 18:32 | Crear | Villager (Male) |
| 18:32 | Crear | Villager (Male) |
| 18:41 | Crear | Unit 1962 |
| 18:49 | Construir | House |
| 18:50 | Crear | Villager (Male) |
| 18:53 | Construir | Farm |
| 18:54 | Construir | Farm |
| 18:57 | Construir | Farm |
| 18:58 | Construir | Farm |
| 18:58 | Construir | Farm |
| 18:58 | Construir | Farm |
| 18:58 | Construir | Farm |
| 18:59 | Construir | Farm |
| 18:59 | Construir | Farm |
| 18:59 | Construir | Farm |
| 19:03 | Crear | Villager (Male) |
| 19:04 | Crear | Villager (Male) |
| 19:04 | Crear | Villager (Male) |
| 19:27 | Crear | Villager (Male) |
| 19:28 | Crear | Villager (Male) |
| 19:28 | Crear | Villager (Male) |
| 19:30 | Construir | Farm |
| 19:41 | Crear | Villager (Male) |
| 19:42 | Crear | Villager (Male) |
| 19:42 | Crear | Villager (Male) |
| 19:44 | Construir | Farm |
| 19:51 | Construir | House |
| 19:51 | Construir | House |
| 19:55 | Crear | Villager (Male) |
| 19:55 | Crear | Villager (Male) |
| 19:56 | Crear | Villager (Male) |
| 20:06 | Construir | Farm |
| 20:09 | Construir | Farm |
| 20:09 | Crear | Villager (Male) |
| 20:10 | Crear | Villager (Male) |
| 20:10 | Crear | Villager (Male) |
| 20:10 | Crear | Villager (Male) |
| 20:15 | Crear | Villager (Male) |
| 20:15 | Crear | Villager (Male) |
| 20:27 | Investigar | Bow Saw |
| 20:27 | Investigar | Bow Saw |
| 20:32 | Crear | Villager (Male) |
| 20:32 | Crear | Villager (Male) |
| 20:32 | Crear | Villager (Male) |
| 20:40 | Crear | Villager (Male) |
| 20:40 | Crear | Villager (Male) |
| 20:40 | Crear | Villager (Male) |
| 20:43 | Construir | Farm |
| 20:46 | Construir | Farm |
| 20:48 | Crear | Villager (Male) |
| 20:48 | Crear | Villager (Male) |
Build order — Black Bear
Primeras 150 de 392 acciones detectadas
| 0:01 | Crear | Villager (Male) |
| 0:01 | Crear | Villager (Male) |
| 0:02 | Construir | House |
| 0:04 | Construir | House |
| 0:21 | Crear | Villager (Male) |
| 0:28 | Crear | Villager (Male) |
| 1:19 | Crear | Villager (Male) |
| 1:19 | Crear | Villager (Male) |
| 1:21 | Construir | Lumber Camp |
| 2:00 | Crear | Villager (Male) |
| 2:00 | Crear | Villager (Male) |
| 2:24 | Crear | Villager (Male) |
| 2:24 | Crear | Villager (Male) |
| 2:59 | Investigar | Loom |
| 2:59 | Crear | Villager (Male) |
| 3:29 | Crear | Villager (Male) |
| 3:51 | Construir | House |
| 4:07 | Crear | Villager (Male) |
| 4:30 | Crear | Villager (Male) |
| 4:55 | Crear | Villager (Male) |
| 5:06 | Crear | Villager (Male) |
| 5:26 | Construir | House |
| 5:27 | Crear | Villager (Male) |
| 5:47 | Construir | House |
| 5:55 | Construir | Mill |
| 6:04 | Crear | Villager (Male) |
| 6:34 | Crear | Villager (Male) |
| 6:51 | Crear | Villager (Male) |
| 7:25 | Crear | Villager (Male) |
| 7:43 | Crear | Villager (Male) |
| 8:01 | Construir | Mining Camp |
| 8:06 | Crear | Villager (Male) |
| 8:42 | Crear | Villager (Male) |
| 8:56 | Investigar | Feudal Age |
| 9:25 | Crear | Villager (Male) |
| 10:01 | Construir | Palisade Wall |
| 10:07 | Construir | Palisade Wall |
| 10:18 | Construir | Palisade Wall |
| 10:30 | Construir | Palisade Wall |
| 10:35 | Construir | Palisade Wall |
| 10:39 | Construir | Palisade Wall |
| 10:48 | Construir | Palisade Wall |
| 11:24 | Edad | Edad Feudal |
| 11:42 | Construir | Market |
| 11:44 | Construir | Blacksmith |
| 11:45 | Crear | Villager (Male) |
| 11:56 | Investigar | Double-Bit Axe |
| 11:58 | Crear | Villager (Male) |
| 12:41 | Investigar | Castle Age |
| 12:42 | Investigar | Castle Age |
| 12:52 | Construir | Lumber Camp |
| 13:32 | Construir | Barracks |
| 14:23 | Construir | Stable |
| 14:49 | Crear | Villager (Male) |
| 14:50 | Crear | Villager (Male) |
| 15:00 | Investigar | Horse Collar |
| 15:17 | Construir | House |
| 15:18 | Construir | House |
| 15:19 | Construir | House |
| 15:19 | Construir | House |
| 15:21 | Edad | Edad de los Castillos |
| 15:23 | Investigar | Bow Saw |
| 15:24 | Crear | Knight |
| 15:25 | Crear | Knight |
| 15:34 | Crear | Villager (Male) |
| 15:37 | Construir | Farm |
| 15:40 | Construir | Farm |
| 15:49 | Construir | Farm |
| 15:50 | Construir | Farm |
| 15:58 | Crear | Camel Scout |
| 16:02 | Crear | Knight |
| 16:05 | Investigar | Scale Barding Armor |
| 16:18 | Crear | Villager (Male) |
| 16:20 | Construir | Farm |
| 16:32 | Crear | Knight |
| 16:51 | Construir | Siege Workshop |
| 16:54 | Crear | Villager (Male) |
| 16:57 | Construir | Farm |
| 16:57 | Construir | Farm |
| 17:22 | Crear | Villager (Male) |
| 17:24 | Construir | Farm |
| 17:30 | Crear | Villager (Male) |
| 17:34 | Crear | Knight |
| 17:47 | Crear | Battering Ram |
| 18:08 | Construir | Monastery |
| 18:23 | Crear | Villager (Male) |
| 18:24 | Crear | Villager (Male) |
| 18:28 | Crear | Knight |
| 18:36 | Crear | Scorpion |
| 18:56 | Crear | Monk |
| 19:16 | Crear | Villager (Male) |
| 19:16 | Crear | Villager (Male) |
| 19:21 | Construir | Town Center |
| 19:39 | Crear | Scorpion |
| 19:51 | Construir | House |
| 19:52 | Construir | House |
| 19:53 | Crear | Villager (Male) |
| 19:54 | Construir | House |
| 20:13 | Crear | Battering Ram |
| 20:45 | Crear | Battering Ram |
| 21:21 | Crear | Villager (Male) |
| 21:34 | Crear | Villager (Male) |
| 21:36 | Crear | Knight |
| 21:36 | Crear | Knight |
| 21:37 | Crear | Villager (Male) |
| 21:38 | Crear | Villager (Male) |
| 22:02 | Crear | Villager (Male) |
| 22:03 | Construir | Farm |
| 22:04 | Construir | Farm |
| 22:05 | Construir | Farm |
| 22:06 | Crear | Villager (Male) |
| 22:07 | Crear | Villager (Male) |
| 22:09 | Construir | Town Center |
| 22:10 | Crear | Villager (Male) |
| 22:24 | Crear | Mangonel |
| 22:32 | Crear | Villager (Male) |
| 22:38 | Construir | House |
| 22:55 | Crear | Monk |
| 22:59 | Crear | Villager (Male) |
| 23:09 | Crear | Villager (Male) |
| 23:28 | Crear | Villager (Male) |
| 23:29 | Crear | Villager (Male) |
| 23:30 | Crear | Villager (Male) |
| 23:34 | Construir | Farm |
| 23:35 | Construir | Farm |
| 23:35 | Construir | Farm |
| 23:35 | Construir | Farm |
| 23:35 | Construir | Farm |
| 23:46 | Crear | Mangonel |
| 23:52 | Crear | Camel Scout |
| 23:52 | Crear | Camel Scout |
| 24:14 | Crear | Villager (Male) |
| 24:21 | Crear | Villager (Male) |
| 24:38 | Crear | Villager (Male) |
| 24:40 | Crear | Villager (Male) |
| 24:48 | Crear | Monk |
| 24:49 | Crear | Villager (Male) |
| 24:57 | Construir | Farm |
| 24:57 | Construir | Farm |
| 24:57 | Construir | Farm |
| 24:59 | Construir | Lumber Camp |
| 25:01 | Construir | Farm |
| 25:01 | Construir | Farm |
| 25:01 | Construir | Farm |
| 25:01 | Construir | Farm |
| 25:02 | Construir | Farm |
| 25:02 | Construir | Farm |
| 25:04 | Construir | Mining Camp |
| 25:05 | Crear | Villager (Male) |
| 25:09 | Construir | Mining Camp |
Build order — banana panin
Primeras 150 de 426 acciones detectadas
| 0:01 | Crear | Villager (Male) |
| 0:01 | Crear | Villager (Male) |
| 0:02 | Crear | Villager (Male) |
| 0:03 | Construir | House |
| 0:04 | Construir | House |
| 0:11 | Crear | Villager (Male) |
| 1:12 | Crear | Villager (Male) |
| 2:00 | Crear | Villager (Male) |
| 2:10 | Crear | Villager (Male) |
| 2:48 | Crear | Villager (Male) |
| 2:54 | Construir | House |
| 3:06 | Crear | Villager (Male) |
| 3:32 | Investigar | Loom |
| 3:41 | Construir | Palisade Wall |
| 3:42 | Construir | Palisade Wall |
| 3:44 | Construir | Palisade Wall |
| 3:45 | Crear | Villager (Male) |
| 4:04 | Construir | House |
| 4:28 | Crear | Villager (Male) |
| 4:29 | Crear | Villager (Male) |
| 4:29 | Crear | Villager (Male) |
| 4:34 | Crear | Villager (Male) |
| 5:02 | Crear | Villager (Male) |
| 5:04 | Crear | Villager (Male) |
| 5:06 | Crear | Villager (Male) |
| 5:41 | Construir | Palisade Wall |
| 5:42 | Construir | Palisade Wall |
| 5:46 | Construir | Palisade Wall |
| 5:52 | Construir | Palisade Wall |
| 6:06 | Construir | Lumber Camp |
| 6:07 | Crear | Villager (Male) |
| 6:21 | Crear | Villager (Male) |
| 6:27 | Crear | Villager (Male) |
| 6:33 | Crear | Villager (Male) |
| 7:17 | Crear | Villager (Male) |
| 7:19 | Construir | House |
| 7:39 | Crear | Villager (Male) |
| 8:26 | Construir | Mill |
| 8:27 | Crear | Villager (Male) |
| 8:40 | Crear | Villager (Male) |
| 8:55 | Investigar | Feudal Age |
| 9:07 | Construir | House |
| 9:08 | Construir | Palisade Wall |
| 9:26 | Construir | Barracks |
| 9:30 | Crear | Villager (Male) |
| 9:33 | Construir | House |
| 9:36 | Crear | Villager (Male) |
| 9:45 | Crear | Villager (Male) |
| 9:54 | Construir | Palisade Wall |
| 10:06 | Construir | Palisade Wall |
| 10:07 | Crear | Villager (Male) |
| 10:51 | Construir | Mill |
| 11:05 | Edad | Edad Feudal |
| 11:06 | Crear | Villager (Male) |
| 11:10 | Construir | Archery Range |
| 11:10 | Crear | Villager (Male) |
| 11:13 | Construir | Mining Camp |
| 11:30 | Crear | Villager (Male) |
| 11:40 | Construir | Stone Wall |
| 11:41 | Crear | Villager (Male) |
| 11:45 | Crear | Archer |
| 11:45 | Crear | Archer |
| 12:07 | Crear | Villager (Male) |
| 12:14 | Crear | Villager (Male) |
| 12:19 | Crear | Archer |
| 12:45 | Crear | Villager (Male) |
| 12:48 | Construir | Blacksmith |
| 12:52 | Construir | Blacksmith |
| 12:53 | Crear | Villager (Male) |
| 12:58 | Crear | Villager (Male) |
| 13:01 | Construir | House |
| 13:03 | Construir | Palisade Gate |
| 13:05 | Crear | Villager (Male) |
| 13:12 | Crear | Villager (Male) |
| 13:22 | Crear | Archer |
| 13:22 | Crear | Archer |
| 13:35 | Investigar | Fletching |
| 14:04 | Crear | Villager (Male) |
| 14:11 | Construir | House |
| 14:14 | Crear | Villager (Male) |
| 14:37 | Crear | Villager (Male) |
| 14:38 | Crear | Villager (Male) |
| 14:41 | Construir | Stable |
| 14:45 | Crear | Villager (Male) |
| 15:02 | Investigar | Double-Bit Axe |
| 15:09 | Crear | Scout Cavalry |
| 15:09 | Crear | Scout Cavalry |
| 15:24 | Crear | Villager (Male) |
| 15:30 | Crear | Scout Cavalry |
| 15:30 | Crear | Scout Cavalry |
| 16:04 | Construir | Lumber Camp |
| 16:05 | Crear | Villager (Male) |
| 16:06 | Construir | Market |
| 16:08 | Crear | Villager (Male) |
| 16:19 | Construir | Farm |
| 16:39 | Crear | Villager (Male) |
| 16:58 | Construir | Gate |
| 16:59 | Crear | Villager (Male) |
| 17:00 | Construir | Stone Wall |
| 17:01 | Crear | Villager (Male) |
| 17:03 | Crear | Villager (Male) |
| 17:07 | Construir | House |
| 17:08 | Crear | Villager (Male) |
| 17:18 | Construir | Farm |
| 17:19 | Construir | Farm |
| 17:19 | Construir | Farm |
| 17:19 | Construir | Farm |
| 17:20 | Crear | Villager (Male) |
| 17:31 | Construir | Farm |
| 17:32 | Crear | Villager (Male) |
| 17:35 | Construir | Farm |
| 17:39 | Construir | Farm |
| 17:39 | Crear | Villager (Male) |
| 17:41 | Construir | Farm |
| 17:41 | Crear | Villager (Male) |
| 19:06 | Investigar | Castle Age |
| 19:31 | Construir | Stable |
| 19:37 | Construir | Mining Camp |
| 19:39 | Crear | Villager (Male) |
| 19:54 | Crear | Villager (Male) |
| 20:05 | Crear | Villager (Male) |
| 20:20 | Construir | Stone Wall |
| 20:24 | Construir | Stone Wall |
| 20:41 | Crear | Villager (Male) |
| 20:43 | Construir | House |
| 21:46 | Edad | Edad de los Castillos |
| 21:51 | Crear | Knight ×3 |
| 21:57 | Construir | Stable |
| 22:05 | Construir | Town Center |
| 22:36 | Crear | Villager (Male) |
| 22:48 | Construir | Mill |
| 22:49 | Construir | Farm |
| 22:49 | Construir | Farm |
| 22:49 | Construir | Farm |
| 22:50 | Construir | Farm |
| 22:50 | Construir | Farm |
| 22:50 | Construir | Farm |
| 22:51 | Construir | Farm |
| 22:51 | Construir | Farm |
| 22:57 | Investigar | Horse Collar |
| 23:08 | Crear | Villager (Male) |
| 23:13 | Crear | Villager (Male) |
| 23:14 | Crear | Villager (Male) |
| 24:09 | Crear | Knight ×2 |
| 24:10 | Crear | Villager (Male) |
| 24:10 | Crear | Villager (Male) |
| 24:14 | Crear | Villager (Male) |
| 24:16 | Crear | Villager (Male) |
| 24:26 | Construir | Mill |
| 24:26 | Construir | Farm |
Build order — Vermilionz
Primeras 150 de 367 acciones detectadas
| 0:03 | Investigar | Loom |
| 0:33 | Crear | Villager (Male) |
| 0:33 | Crear | Villager (Male) |
| 1:05 | Crear | Villager (Male) |
| 1:40 | Crear | Villager (Male) |
| 1:40 | Crear | Villager (Male) |
| 1:59 | Crear | Villager (Male) |
| 1:59 | Crear | Villager (Male) |
| 2:25 | Crear | Villager (Male) |
| 2:26 | Crear | Villager (Male) |
| 2:47 | Crear | Villager (Male) |
| 2:47 | Crear | Villager (Male) |
| 3:07 | Construir | House |
| 3:19 | Crear | Villager (Male) |
| 3:20 | Crear | Villager (Male) |
| 3:20 | Crear | Villager (Male) |
| 3:20 | Crear | Villager (Male) |
| 3:27 | Construir | Lumber Camp |
| 3:49 | Crear | Villager (Male) |
| 3:50 | Crear | Villager (Male) |
| 4:09 | Crear | Villager (Male) |
| 4:10 | Crear | Villager (Male) |
| 4:10 | Crear | Villager (Male) |
| 4:26 | Crear | Villager (Male) |
| 4:26 | Crear | Villager (Male) |
| 4:26 | Crear | Villager (Male) |
| 4:44 | Construir | Mill |
| 5:25 | Crear | Villager (Male) |
| 5:25 | Crear | Villager (Male) |
| 5:26 | Crear | Villager (Male) |
| 5:35 | Crear | Villager (Male) |
| 5:35 | Crear | Villager (Male) |
| 5:40 | Construir | House |
| 6:00 | Construir | House |
| 6:03 | Construir | House |
| 6:07 | Construir | House |
| 6:11 | Crear | Villager (Male) |
| 6:12 | Crear | Villager (Male) |
| 6:12 | Crear | Villager (Male) |
| 6:56 | Construir | Mining Camp |
| 7:12 | Crear | Villager (Male) |
| 7:13 | Construir | House |
| 7:37 | Crear | Villager (Male) |
| 8:21 | Investigar | Feudal Age |
| 10:31 | Edad | Edad Feudal |
| 10:33 | Construir | Market |
| 10:36 | Construir | Blacksmith |
| 10:38 | Crear | Villager (Male) |
| 11:15 | Investigar | Castle Age |
| 11:58 | Investigar | Double-Bit Axe |
| 12:51 | Construir | House |
| 13:45 | Crear | Villager (Male) |
| 13:53 | Crear | Villager (Male) |
| 13:55 | Edad | Edad de los Castillos |
| 13:57 | Construir | Town Center |
| 14:03 | Construir | Town Center |
| 14:13 | Crear | Villager (Male) |
| 14:37 | Crear | Villager (Male) |
| 15:13 | Construir | Monastery |
| 15:18 | Crear | Villager (Male) |
| 15:22 | Crear | Villager (Male) |
| 15:24 | Construir | Farm |
| 15:27 | Construir | Farm |
| 15:31 | Construir | Farm |
| 15:35 | Construir | Farm |
| 15:36 | Crear | Villager (Male) |
| 15:37 | Crear | Villager (Male) |
| 15:52 | Construir | Farm |
| 15:52 | Construir | Farm |
| 15:56 | Construir | Farm |
| 15:56 | Construir | Farm |
| 16:01 | Crear | Monk |
| 16:04 | Crear | Villager (Male) |
| 16:05 | Crear | Villager (Male) |
| 16:08 | Construir | House |
| 16:15 | Crear | Villager (Male) |
| 16:32 | Crear | Villager (Male) |
| 16:35 | Construir | Farm |
| 16:36 | Construir | Farm |
| 16:39 | Construir | Farm |
| 16:43 | Crear | Villager (Male) |
| 16:46 | Construir | House |
| 16:49 | Crear | Villager (Male) |
| 16:53 | Construir | Farm |
| 17:11 | Crear | Villager (Male) |
| 17:12 | Construir | Farm |
| 17:16 | Construir | Farm |
| 17:18 | Crear | Villager (Male) |
| 17:19 | Construir | Farm |
| 17:21 | Crear | Villager (Male) |
| 17:28 | Construir | Farm |
| 17:41 | Crear | Villager (Male) |
| 17:42 | Crear | Villager (Male) |
| 17:43 | Construir | Farm |
| 17:45 | Crear | Villager (Male) |
| 17:46 | Construir | Farm |
| 17:51 | Crear | Villager (Male) |
| 18:08 | Construir | Farm |
| 18:09 | Crear | Villager (Male) |
| 18:13 | Construir | Farm |
| 18:15 | Crear | Villager (Male) |
| 18:16 | Crear | Villager (Male) |
| 18:27 | Construir | Farm |
| 18:28 | Construir | Farm |
| 18:28 | Construir | Farm |
| 18:33 | Crear | Villager (Male) |
| 18:39 | Construir | Farm |
| 18:41 | Crear | Villager (Male) |
| 18:43 | Construir | Farm |
| 18:47 | Crear | Villager (Male) |
| 19:09 | Crear | Villager (Male) |
| 19:11 | Crear | Villager (Male) |
| 19:18 | Crear | Villager (Male) |
| 19:20 | Crear | Villager (Male) |
| 19:25 | Crear | Villager (Male) |
| 19:27 | Construir | Farm |
| 19:36 | Crear | Villager (Male) |
| 19:46 | Construir | Town Center |
| 19:48 | Crear | Villager (Male) |
| 19:50 | Construir | Farm |
| 19:50 | Construir | Farm |
| 19:54 | Crear | Villager (Male) |
| 19:58 | Crear | Villager (Male) |
| 20:08 | Investigar | Horse Collar |
| 20:12 | Construir | Farm |
| 20:13 | Crear | Villager (Male) |
| 20:29 | Crear | Villager (Male) |
| 20:30 | Crear | Villager (Male) |
| 20:31 | Crear | Villager (Male) |
| 20:33 | Investigar | Bow Saw |
| 20:37 | Construir | Lumber Camp |
| 20:51 | Construir | Farm |
| 20:56 | Crear | Villager (Male) |
| 20:59 | Construir | Farm |
| 21:02 | Crear | Villager (Male) |
| 21:08 | Construir | Farm |
| 21:08 | Construir | Farm |
| 21:13 | Crear | Villager (Male) |
| 21:18 | Construir | Farm |
| 21:21 | Crear | Villager (Male) |
| 21:22 | Crear | Villager (Male) |
| 21:24 | Crear | Villager (Male) |
| 21:27 | Construir | Farm |
| 21:30 | Crear | Villager (Male) |
| 21:36 | Investigar | Heavy Plow |
| 21:49 | Crear | Villager (Male) |
| 21:50 | Crear | Villager (Male) |
| 21:53 | Construir | Farm |
| 21:54 | Crear | Villager (Male) |
| 21:58 | Construir | Farm |
Cronología de la partida
| 1:13 | Nici · wall_segment Palisade Wall x11 |
| 1:54 | Violet Ania · wall_segment Palisade Wall x10 |
| 1:57 | Prince <3 · wall_segment Palisade Wall x5 |
| 2:23 | Nici · wall_segment Palisade Wall x9 |
| 2:23 | Nici · wall_segment Palisade Wall x1 |
| 3:41 | banana panin · wall_segment Palisade Wall x1 |
| 3:42 | banana panin · wall_segment Palisade Wall x1 |
| 3:44 | banana panin · wall_segment Palisade Wall x4 |
| 5:21 | Prince <3 · wall_segment Palisade Wall x1 |
| 5:26 | Prince <3 · wall_segment Palisade Wall x1 |
| 5:38 | Prince <3 · wall_segment Palisade Wall x1 |
| 5:41 | banana panin · wall_segment Palisade Wall x1 |
| 5:42 | banana panin · wall_segment Palisade Wall x1 |
| 5:45 | Prince <3 · wall_segment Palisade Wall x1 |
| 5:46 | banana panin · wall_segment Palisade Wall x1 |
| 5:48 | Prince <3 · wall_segment Palisade Wall x1 |
| 5:52 | banana panin · wall_segment Palisade Wall x1 |
| 5:55 | Prince <3 · wall_segment Palisade Wall x1 |
| 5:56 | Prince <3 · wall_segment Palisade Wall x1 |
| 6:45 | Prince <3 · first_building Barracks |
| 6:56 | Nici · wall_segment Palisade Wall x11 |
| 7:24 | Prince <3 · wall_segment Palisade Wall x1 |
| 8:00 | Nici · wall_segment Palisade Wall x7 |
| 9:08 | banana panin · wall_segment Palisade Wall x1 |
| 9:22 | Immortal.S · wall_segment Palisade Wall x7 |
| 9:26 | banana panin · first_building Barracks |
| 9:31 | Immortal.S · wall_segment Palisade Wall x1 |
| 9:54 | banana panin · wall_segment Palisade Wall x7 |
| 10:01 | Black Bear · wall_segment Palisade Wall x1 |
| 10:06 | banana panin · wall_segment Palisade Wall x2 |
| 10:06 | Prince <3 · age_up feudal |
| 10:07 | Black Bear · wall_segment Palisade Wall x1 |
| 10:18 | Black Bear · wall_segment Palisade Wall x1 |
| 10:21 | Violet Ania · age_up feudal |
| 10:24 | Violet Ania · wall_segment Stone Wall x9 |
| 10:30 | Black Bear · wall_segment Palisade Wall x1 |
| 10:31 | Vermilionz · age_up feudal |
| 10:35 | Black Bear · wall_segment Palisade Wall x1 |
| 10:39 | Black Bear · wall_segment Palisade Wall x1 |
| 10:48 | Black Bear · wall_segment Palisade Wall x1 |
| 11:05 | banana panin · age_up feudal |
| 11:10 | banana panin · first_building Archery Range |
| 11:23 | Immortal.S · age_up feudal |
| 11:24 | Black Bear · age_up feudal |
| 11:30 | Harry · age_up feudal |
| 11:40 | banana panin · wall_segment Stone Wall x7 |
| 12:17 | Prince <3 · first_building Archery Range |
| 12:53 | Nici · age_up feudal |
| 13:32 | Black Bear · first_building Barracks |
| 13:55 | Violet Ania · first_market_sell 100 stone |
| 13:55 | Vermilionz · age_up castle |
| 14:23 | Black Bear · first_building Stable |
| 14:41 | banana panin · first_building Stable |
| 14:45 | Prince <3 · wall_segment Stone Wall x8 |
| 14:54 | Nici · wall_segment Stone Wall x12 |
| 15:06 | Harry · age_up castle |
| 15:13 | Vermilionz · first_building Monastery |
| 15:14 | Harry · first_building Siege Workshop |
| 15:21 | Black Bear · age_up castle |
| 15:22 | Harry · first_market_sell 100 food |
| 15:22 | Harry · first_market_buy 100 wood |
| 15:26 | Immortal.S · age_up castle |
| 16:04 | Harry · first_building Monastery |
| 16:21 | Prince <3 · wall_segment Stone Wall x12 |
| 16:36 | Violet Ania · age_up castle |
| 16:42 | Immortal.S · first_building Monastery |
| 16:51 | Black Bear · first_building Siege Workshop |
| 17:00 | banana panin · wall_segment Stone Wall x1 |
| 17:09 | Immortal.S · wall_segment Palisade Wall x1 |
| 17:12 | Nici · first_market_buy 100 stone |
| 17:18 | Nici · age_up castle |
| 17:50 | Immortal.S · wall_segment Palisade Wall x1 |
| 17:51 | Nici · first_building Castle |
| 17:52 | Immortal.S · wall_segment Palisade Wall x1 |
| 18:08 | Black Bear · first_building Monastery |
| 18:27 | Violet Ania · wall_segment Stone Wall x11 |
| 18:28 | banana panin · first_market_sell 100 wood |
| 18:49 | banana panin · first_market_buy 100 food |
| 18:59 | Nici · wall_segment Stone Wall x12 |
| 19:02 | Violet Ania · wall_segment Stone Wall x12 |
| 19:29 | Immortal.S · first_building Siege Workshop |
| 19:43 | Vermilionz · first_market_buy 100 stone |
| 20:01 | Nici · first_building Monastery |
| 20:17 | Nici · wall_segment Stone Wall x7 |
| 20:20 | banana panin · wall_segment Stone Wall x2 |
| 20:24 | banana panin · wall_segment Stone Wall x2 |
| 20:57 | Violet Ania · first_market_buy 100 food |
| 21:14 | Nici · wall_segment Stone Wall x5 |
| 21:17 | Nici · wall_segment Stone Wall x5 |
| 21:18 | Nici · wall_segment Stone Wall x1 |
| 21:18 | Nici · wall_segment Stone Wall x1 |
| 21:20 | Prince <3 · first_market_sell 100 wood |
| 21:21 | Prince <3 · first_market_buy 100 food |
| 21:46 | banana panin · age_up castle |
| 22:56 | Nici · wall_segment Stone Wall x3 |
| 22:57 | Nici · wall_segment Stone Wall x1 |
| 22:57 | Nici · wall_segment Stone Wall x1 |
| 22:58 | Nici · wall_segment Stone Wall x1 |
| 24:02 | Prince <3 · age_up castle |
| 24:23 | Violet Ania · wall_segment Stone Wall x10 |
| 24:50 | Prince <3 · first_building Siege Workshop |
| 24:58 | banana panin · wall_segment Stone Wall x3 |
| 24:59 | Nici · first_building Siege Workshop |
| 25:21 | Immortal.S · first_market_sell 100 food |
| 25:23 | Immortal.S · first_market_buy 100 wood |
| 25:47 | Vermilionz · first_building Siege Workshop |
| 25:57 | Harry · first_building Barracks |
| 26:36 | Harry · first_building Archery Range |
| 26:39 | Vermilionz · first_building Barracks |
| 26:46 | Vermilionz · first_building Castle |
| 26:57 | Violet Ania · first_building Siege Workshop |
| 27:14 | Vermilionz · first_building Stable |
| 27:41 | banana panin · first_building Castle |
| 28:33 | Violet Ania · first_building Barracks |
| 28:37 | banana panin · wall_segment Stone Wall x4 |
| 28:42 | banana panin · wall_segment Stone Wall x2 |
| 28:44 | banana panin · wall_segment Stone Wall x1 |
| 28:45 | banana panin · wall_segment Stone Wall x1 |
| 28:47 | Harry · age_up imperial |
| 28:53 | banana panin · wall_segment Stone Wall x11 |
| 28:59 | Immortal.S · first_building Castle |
| 29:00 | banana panin · wall_segment Stone Wall x1 |
| 29:02 | banana panin · wall_segment Stone Wall x3 |
| 29:10 | banana panin · wall_segment Stone Wall x3 |
| 29:21 | Harry · first_building Castle |
| 29:38 | banana panin · wall_segment Stone Wall x3 |
| 29:43 | Vermilionz · age_up imperial |
| 30:37 | Vermilionz · first_market_sell 500 food |
| 31:09 | Violet Ania · age_up imperial |
| 31:43 | Nici · age_up imperial |
| 32:20 | Immortal.S · first_building Barracks |
| 33:30 | Immortal.S · first_building Stable |
| 34:09 | Immortal.S · wall_segment Stone Wall x5 |
| 34:10 | Black Bear · wall_segment Stone Wall x15 |
| 34:13 | Immortal.S · wall_segment Stone Wall x7 |
| 34:22 | Nici · first_building Barracks |
| 34:23 | Black Bear · wall_segment Stone Wall x7 |
| 34:24 | Black Bear · wall_segment Stone Wall x1 |
| 34:28 | Black Bear · age_up imperial |
| 34:33 | Harry · tribute_sent a jugador 1 |
| 34:33 | Harry · tribute_sent a jugador 2 |
| 34:33 | Harry · tribute_sent a jugador 3 |
| 34:33 | Harry · tribute_sent a jugador 5 |
| 34:33 | Harry · tribute_sent a jugador 6 |
| 34:33 | Harry · tribute_sent a jugador 7 |
| 34:33 | Harry · tribute_sent a jugador 8 |
| 34:36 | Violet Ania · wall_segment Stone Wall x12 |
| 34:39 | Black Bear · first_market_buy 100 food |
| 35:11 | Nici · first_building Stable |
| 35:17 | Immortal.S · age_up imperial |
| 35:59 | Harry · tribute_sent a jugador 1 |
| 35:59 | Harry · tribute_sent a jugador 2 |
| 35:59 | Harry · tribute_sent a jugador 3 |
| 35:59 | Harry · tribute_sent a jugador 5 |
| 35:59 | Harry · tribute_sent a jugador 6 |
| 35:59 | Harry · tribute_sent a jugador 7 |
| 35:59 | Harry · tribute_sent a jugador 8 |
| 36:18 | Prince <3 · age_up imperial |
| 36:51 | Violet Ania · wall_segment Stone Wall x1 |
| 36:55 | Violet Ania · wall_segment Stone Wall x1 |
| 36:55 | Immortal.S · wall_segment Stone Wall x7 |
| 37:06 | Immortal.S · wall_segment Stone Wall x8 |
| 38:22 | banana panin · wall_segment Stone Wall x2 |
| 38:37 | Violet Ania · wall_segment Stone Wall x1 |
| 38:39 | Violet Ania · wall_segment Stone Wall x1 |
| 38:43 | Violet Ania · wall_segment Stone Wall x7 |
| 38:44 | Violet Ania · wall_segment Stone Wall x1 |
| 38:45 | Vermilionz · first_building Archery Range |
| 39:10 | Harry · tribute_sent a jugador 1 |
| 39:10 | Harry · tribute_sent a jugador 2 |
| 39:10 | Harry · tribute_sent a jugador 3 |
| 39:10 | Harry · tribute_sent a jugador 5 |
| 39:10 | Harry · tribute_sent a jugador 6 |
| 39:10 | Harry · tribute_sent a jugador 7 |
| 39:10 | Harry · tribute_sent a jugador 8 |
| 39:16 | Black Bear · first_building Castle |
| 40:48 | Violet Ania · wall_segment Stone Wall x11 |
| 41:01 | Vermilionz · resign |
[ ANÁLISIS IA · 1 CRÉDITO ]
¿Qué pasó realmente en esta partida?
Wolo.gg analiza cada decisión: build order, eco, micro, errores típicos por bracket. Análisis personalizado por WhatsApp o Discord en 30 segundos.
Guía civ
Españoles
Perfil
Jugador #435407